Map: Lerilak Crest

Players

Bordan

  • Race: Protoss Protoss
  • League: Master

FireCake - Winner!

  • Race: Zerg Zerg
  • League: Grandmaster

Event: Gauntlet LotV Series 1 Qualifier 2

VOD

Have the link to the VOD?

Description

Time

  • Played on: Dec. 5, 2015, 2:04 p.m.
  • Length: 6:18

All games in this series

Show
View Real Time Build Order
Export as new Build Order

Bordan Protoss 

Build Orders: Forge Fast Expand (FFE) 

Get SALT Encoding   

  12  0:01  Probe (Chrono Boost)  
  13  0:11  Probe (Chrono Boost)  
  14  0:18  Pylon  
  14  0:22  Probe (Chrono Boost)  
  15  0:36  Forge  
  15  0:38  Probe (Chrono Boost)  
  16  0:49  Probe (Chrono Boost)  
  17  1:00  Probe (Chrono Boost)  
  18  1:21  Nexus  
  18  1:30  Photon Cannon  
  18  1:37  Gateway  
  18  1:45  Pylon  
  18  1:47  Probe (Chrono Boost)  
  19  1:58  Probe (Chrono Boost)  
  19  1:59  Assimilator  
  20  2:05  Assimilator  
  21  2:08  Probe (Chrono Boost)  
  21  2:19  Probe (Chrono Boost)  
  21  2:26  Zealot  
  21  2:27  Cybernetics Core  
  21  2:29  Probe (Chrono Boost)  
  24  2:34  Probe (Chrono Boost)  
  25  2:40  Probe (Chrono Boost)  
  26  2:44  Probe (Chrono Boost)  
  26  2:51  Probe (Chrono Boost)  
  29  3:03  Mothership Core (Chrono Boost)  
  29  3:04  Adept, Warp Gate  
  33  3:11  Pylon  
  32  3:13  Pylon  
  32  3:19  Pylon  
  32  3:34  Adept (Chrono Boost)  
  32  3:37  Photon Cannon  
  34  3:45  Probe  
  34  3:47  Photon Cannon  
  35  3:59  Sentry (Chrono Boost)  
  33  4:06  Pylon  
  32  4:10  Pylon  
  30  4:27  Probe  
  30  4:29  Probe  
  26  4:42  Sentry (Chrono Boost)  
  28  5:00  Photon Cannon  
  28  5:05  Sentry (Chrono Boost)  
  20  5:24  Probe  
  20  5:25  Probe  
  20  5:26  Photon Cannon  
  20  5:43  Probe  
  20  5:45  Probe  
  20  5:46  Photon Cannon  
Show
View Real Time Build Order
Export as new Build Order

FireCake Zerg - Winner!

Build Orders: Pool First 

Get SALT Encoding   

  12  0:00  Drone  
  13  0:09  Drone  
  14  0:18  Overlord  
  14  0:22  Extractor  
  14  0:23  Drone  
  15  0:36  Drone x2  
  17  0:44  Spawning Pool  
  17  0:48  Drone  
  17  0:55  Extractor  
  16  1:10  Hatchery  
  15  1:13  Drone  
  15  1:16  Drone  
  17  1:30  Queen  
  19  1:35  Zergling x2  
  19  1:36  Zergling x2  
  21  1:43  Overlord  
  21  1:49  Zergling x2  
  22  1:57  Metabolic Boost  
  22  2:07  Queen  
  24  2:12  Zergling x4  
  26  2:21  Zergling x2  
  27  2:26  Zergling x2  
  28  2:33  Zergling x4  
  30  2:38  Overlord  
  30  2:41  Zergling x4  
  31  2:46  Evolution Chamber  
  31  2:47  Zergling x4  
  32  2:57  Zergling x4  
  34  3:16  Zergling x12  
  40  3:25  Zergling x2  
  40  3:26  Zergling x4  
  40  3:35  Zergling x2  
  40  3:36  Zergling x2  
  42  3:46  Zergling x4  
  40  3:50  Zergling x4  
  42  3:57  Overlord  
  40  4:14  Zergling x12  
  41  4:22  Zergling x2  
  36  4:37  Zergling x2  
  36  4:38  Zergling x10  
  39  4:51  Zergling x6  
  41  4:58  Zergling x4  
  41  5:01  Zergling x2  
  41  5:02  Zergling x2  
  40  5:16  Zergling x8  
  39  5:22  Zergling x2  
  39  5:23  Zergling x2  
  41  5:28  Zergling x2  
  41  5:32  Zergling x4  
  43  5:42  Zergling x2  
  43  5:43  Zergling x6  
  45  5:50  Zergling x4  
Tags
 
Add a new tag
Caveats
  • Supply blocks, unpowered buildings, or Contaminate may cause inaccurate times.
  • Supply counts are checked every 10 seconds.